 Dungeon Crawl Stone Soup version 0.29-a0-334-gb41bcbb86e (webtiles) character file.

Game seed: 7328622419177366276

2 freelancePsychic the Vexing (level 1, -1/15 HPs)
             Began as a Demonspawn Arcane Marksman on Apr 14, 2022.
             Slain by a hobgoblin (2 damage)
             ... on level 1 of the Dungeon.
             The game lasted 00:00:15 (46 turns).

freelancePsychic the Vexing (DsAM)                    Turns: 46, Time: 00:00:15

Health: -1/15      AC:  2    Str: 10    XL:     1   Next: 33%
Magic:  2/2        EV: 12    Int: 14    God:
Gold:   18         SH:  0    Dex: 13    Spells: 1/2 levels left

rFire   . . .      SeeInvis .   a - +0 shortbow
rCold   . . .      Faith    .   (shield currently unavailable)
rNeg    . . .      Spirit   .   b - +0 robe
rPois   .          Reflect  .   (no helmet)
rElec   .          Harm     .   (no cloak)
rCorr   .          Rampage  .   (no gloves)
Will    .....                   (no boots)
Stlth   +.........              (no amulet)
HPRegen 0.05/turn               (no ring)
MPRegen 0.08/turn               (no ring)

@: no status effects
A: no striking features
a: no special abilities


You were on level 1 of the Dungeon.
You visited 1 branch of the dungeon, and saw 1 of its levels.

You collected 18 gold pieces.

Inventory:

Hand Weapons
 a - a +0 shortbow (weapon)
Armour
 b - a +0 robe (worn)
Scrolls
 c - a scroll of vulnerability


   Skills:
 + Level 1.1 Fighting
 * Level 1.9 Bows
 - Level 1.7 Dodging
 - Level 1.0 Spellcasting
 - Level 3.0 Hexes


You had one spell level left.
You knew the following spells:

 Your Spells              Type           Power      Damage    Failure   Level
a - Slow                  Hex            36%        N/A       8%          1

Your spell library contained the following spells:

 Spells                   Type           Power      Damage    Failure   Level
 Inner Flame              Hex/Fire       4%         N/A       38%         3
 Portal Projectile        Hex/Tloc       8%         N/A       38%         3
 Cause Fear               Hex            4%         N/A       58%         4


Dungeon Overview and Level Annotations

Branches:
Dungeon (1/15)

Altars:


Message History

You are too injured to fight recklessly!
You are too injured to fight recklessly!
You are too injured to fight recklessly!
You are too injured to fight recklessly!
You are too injured to fight recklessly!
You are too injured to fight recklessly!
You are too injured to fight recklessly!
You are too injured to fight recklessly!
You are too injured to fight recklessly!
You are too injured to fight recklessly!
You are too injured to fight recklessly!
Shoot: a) +0 shortbow
Press: ? - help, Shift-Dir - straight line, f/p - bat
Aim: a bat (39% to hit)
You shoot an arrow. The arrow closely misses the bat.
The bat misses you. The hobgoblin barely misses you. The rat bites you.
The rat bites you but does no damage. The hobgoblin hits you.
* * * LOW HITPOINT WARNING * * *
Shoot: a) +0 shortbow
Press: ? - help, Shift-Dir - straight line, f/p - bat
Aim: a bat (39% to hit)
You shoot an arrow. The arrow hits the bat!
You kill the bat!
The hobgoblin closely misses you. The rat barely misses you.
The hobgoblin attacks as you move away! The hobgoblin hits you.
* * * LOW HITPOINT WARNING * * *
The rat bites you but does no damage.
Shoot: a) +0 shortbow
Press: ? - help, Shift-Dir - straight line, f - hobgoblin
Aim: a hobgoblin (56% to hit)
You shoot an arrow. The arrow hits the hobgoblin.
The hobgoblin is moderately wounded.
The hobgoblin hits you but does no damage.
The hobgoblin barely misses you.
Shoot: a) +0 shortbow
Press: ? - help, Shift-Dir - straight line, f/p - hobgoblin
Aim: a hobgoblin (moderately wounded, 56% to hit)
You shoot an arrow. The arrow closely misses the hobgoblin.
The arrow barely misses the rat.
The hobgoblin hits you.
You die...

#. .#...†. #. ......
#### #. #....# ...######
#. #....# ##.##...# #.
.....# +.>.....#####.#
#...###
##.##.........####.....#
##...#.#.####...@gr....#
#..#.#.........#####...#
#..#...#.#.###.# ..#
'.####.....# #.# .#
#..#...#...###.# #
#.....####.....####
#.#+#.# #.............
#.+ +.# #.............
+.# ## #.............


You could see a hobgoblin and a rat.

Vanquished Creatures
  A bat (D:1)
  A hobgoblin (D:1)
2 creatures vanquished.

Notes
Turn   | Place    | Note
-------+----------+-------------------------------------------
     0 | D:1      | freelancePsychic the Demonspawn Arcane Marksman began the
                  | quest for the Orb.
     0 | D:1      | Reached XP level 1. HP: 15/15 MP: 2/2
    46 | D:1      | Slain by a hobgoblin

Illustrated notes

Levels and vault maps discovered:
D:1:      minmay_arrival_three_doors, layout_loops_cross, serial_shops,
          nicolae_shop_behind_doors, hellmonk_ecumenical_altar_lost_god

Action                   || total
-------------------------++-------
 Fire: Shortbow          ||    11
Armor: Robe              ||     6
Dodge: Dodged            ||    15

Table legend: (Time is in decaauts)
 A = Elapsed time spent in this place.
 B = Non-inter-level travel time spent in this place.
 C = Inter-level travel time spent in this place.
 D = Time resting spent in this place.
 E = Time spent auto-exploring this place.
 F = Levels seen in this place.
 G = Mean time per level.
                   A        B        C        D        E       F      G
               +--------+--------+--------+--------+--------+-----+--------+
         Total |     50 |     50 |      0 |      0 |     31 |   1 |   50.0 |
       Dungeon |     50 |     50 |      0 |      0 |     31 |   1 |   50.0 |
               +--------+--------+--------+--------+--------+-----+--------+

Top non-repeatable levels by time:
     D:1: 50 daAuts
